 Dungeon Crawl Stone Soup version 0.28.0 (webtiles) character file.

Game seed: 18090776847070555081

73 HallandMoats the Shield-Bearer (level 4, -1/41 HPs)
             Began as a Gnoll Fighter on Feb 7, 2022.
             Slain by an orc (5 damage)
             ... on level 2 of the Dungeon.
             The game lasted 00:01:29 (1371 turns).

HallandMoats the Shield-Bearer (Gnoll Fighter)      Turns: 1371, Time: 00:01:29

Health: -1/41      AC:  7    Str: 15    XL:     4   Next: 27%
Magic:  5/5        EV:  9    Int:  7    God:
Gold:   9          SH:  6    Dex: 14    Spells: 5/5 levels left

rFire   . . .      SeeInvis .   a - +0 war axe
rCold   . . .      Faith    .   c - +0 buckler
rNeg    . . .      Spirit   .   b - +0 scale mail
rPois   .          Reflect  .   (no helmet)
rElec   .          Harm     .   (no cloak)
rCorr   .          Rampage  .   (no gloves)
Will    .....                   (no boots)
Stlth   ..........              (no amulet)
HPRegen 0.13/turn               (no ring)
MPRegen 0.09/turn               (no ring)

@: no status effects
A: fangs 1, strong nose, distributed training
a: no special abilities


You were on level 2 of the Dungeon.
You visited 1 branch of the dungeon, and saw 2 of its levels.

You collected 9 gold pieces.

Inventory:

Hand Weapons
 a - a +0 war axe (weapon)
Armour
 b - a +0 scale mail (worn)
 c - a +0 buckler (worn)
Jewellery
 f - an amulet of the acrobat
Scrolls
 e - a scroll of fog {unknown}
Potions
 d - a potion of might


   Skills:
 + Level 6.6 Fighting
 + Level 1.1 Short Blades
 + Level 1.1 Long Blades
 + Level 4.6 Axes
 + Level 1.1 Maces & Flails
 + Level 1.1 Polearms
 + Level 1.1 Staves
 + Level 1.1 Slings
 + Level 1.1 Bows
 + Level 1.1 Crossbows
 + Level 1.1 Throwing
 + Level 6.6 Armour
 + Level 1.1 Dodging
 + Level 1.1 Stealth
 + Level 6.6 Shields
 + Level 1.1 Unarmed Combat
 + Level 1.1 Spellcasting
 + Level 0.8 Conjurations
 + Level 0.8 Hexes
 + Level 0.8 Summonings
 + Level 0.8 Necromancy
 + Level 0.8 Translocations
 + Level 0.8 Transmutations
 + Level 0.8 Fire Magic
 + Level 0.8 Ice Magic
 + Level 0.8 Air Magic
 + Level 0.8 Earth Magic
 + Level 0.8 Poison Magic
 + Level 1.2 Invocations
 + Level 1.1 Evocations


You had 5 spell levels left.
You didn't know any spells.
Your spell library contained the following spells:

 Spells                   Type           Power      Damage    Failure   Level
 Passwall                 Tmut/Erth      0%         N/A       88%         2
 Ignite Poison            Fire/Tmut/Pois 1%         N/A       98%         3
 Mephitic Cloud           Conj/Pois/Air  1%         N/A       98%         3
 Borgnjor's Vile Clutch   Necr/Erth      0%         N/A       100%        5
 Freezing Cloud           Conj/Ice/Air   0%         6-21      100%        5
 Storm Form               Tmut/Air       0%         N/A       100%        7


Dungeon Overview and Level Annotations

Branches:
Dungeon (2/15)

Altars:
Xom


Innate Abilities, Weirdness & Mutations

You have very sharp teeth.
Your uncanny sense of smell can sniff out nearby items.
Your experience applies equally to all skills.


Message History

You kill the hobgoblin!
The orc hits you but does no damage.
You hit the orc but do no damage. Your bite misses the orc.
You block the orc's attack. The orc hits you but does no damage.
You slash the orc!
You kill the orc!
The orc barely misses you. The orc hits you but does no damage.
You slash the orc!
You kill the orc!
The orc hits you but does no damage.
You barely miss the orc.
The orc is severely wounded.
You block the orc's attack.
The orc hits you with a +2 mace of protection!
You closely miss the orc.
The orc is severely wounded.
The orc hits you from afar with a +0 trident!
You block the orc's attack. The orc hits you but does no damage.
You barely miss the orc.
The orc is severely wounded.
The orc barely misses you.
The orc hits you from afar with a +0 trident.
The orc hits you with a +2 mace of protection.
* * * LOW HITPOINT WARNING * * *
You slash the orc!
You kill the orc!
The orc hits you but does no damage. The orc hits you with a +0 dagger.
* * * LOW HITPOINT WARNING * * *
You slash the orc!
You kill the orc!
The orc closely misses you. The orc hits you but does no damage.
You swing at nothing.
The orc hits you from afar with a +0 trident.
* * * LOW HITPOINT WARNING * * *
You swing at nothing.
The orc barely misses you.
You swing at nothing.
The orc hits you from afar with a +0 trident.
* * * LOW HITPOINT WARNING * * *
The orc hits you from afar with a +0 trident.
You die...

###......................
###.........##.########
#.........##.#
#.........##.
#............
#####.####### #..####
#.....## ∆ #@###..###.#
#)#.........#
##.o.##?###..# #...## .#
. #....).....#
#........<.#
#.............
#...........##
#...........#


You could see an orc.

Vanquished Creatures
  2 adders (D:2)
  4 orcs (D:2)
  5 bats
  4 endoplasms
  2 giant cockroaches (D:1)
  4 goblins (D:1)
  8 hobgoblins
  2 jackals (D:1)
  A quokka (D:1)
  5 ball pythons
  3 frilled lizards (D:1)
  4 kobolds (D:1)
  2 rats
46 creatures vanquished.

Notes
Turn   | Place    | Note
-------+----------+-------------------------------------------
     0 | D:1      | HallandMoats the Gnoll Fighter began the quest for the Orb.
     0 | D:1      | Reached XP level 1. HP: 23/23 MP: 1/1
   311 | D:1      | Reached XP level 2. HP: 28/29 MP: 2/2
   537 | D:1      | Reached XP level 3. HP: 27/35 MP: 3/3
  1050 | D:1      | Reached skill level 1 in Invocations
  1092 | D:2      | Reached skill level 1 in Short Blades
  1092 | D:2      | Reached skill level 1 in Long Blades
  1092 | D:2      | Reached skill level 1 in Maces & Flails
  1092 | D:2      | Reached skill level 1 in Polearms
  1092 | D:2      | Reached skill level 1 in Staves
  1092 | D:2      | Reached skill level 1 in Slings
  1092 | D:2      | Reached skill level 1 in Bows
  1092 | D:2      | Reached skill level 1 in Crossbows
  1092 | D:2      | Reached skill level 1 in Throwing
  1092 | D:2      | Reached skill level 1 in Dodging
  1092 | D:2      | Reached skill level 1 in Stealth
  1092 | D:2      | Reached skill level 1 in Unarmed Combat
  1092 | D:2      | Reached skill level 1 in Spellcasting
  1092 | D:2      | Reached skill level 1 in Evocations
  1215 | D:2      | Reached XP level 4. HP: 41/41 MP: 5/5
  1221 | D:2      | Found a shimmering altar of Xom.
  1302 | D:2      | Got the Reference Book on Transmutation and Earth
  1371 | D:2      | Slain by an orc

Illustrated notes

Levels and vault maps discovered:
D:1:      lightli_arrival_quake, layout_loops_ring, minmay_3d_cube
D:2:      layout_rooms, basic_altar, serial_shops,
          nicolae_shop_advertising_works [nicolae_subvault_shop_adworks],
          hellmonk_ecumenical_altar_blasted, minmay_door_square, minivault_5,
          minmay_tromino_v7

Skill      XL: |  1  2  3 |
---------------+----------+-----
Invocations    | 1 |  1.2
Short Blades   | 1 |  1.1
Long Blades    | 1 |  1.1
Maces & Flails | 1 |  1.1
Polearms       | 1 |  1.1
Staves         | 1 |  1.1
Slings         | 1 |  1.1
Bows           | 1 |  1.1
Crossbows      | 1 |  1.1
Throwing       | 1 |  1.1
Dodging        | 1 |  1.1
Stealth        | 1 |  1.1
Unarmed Combat | 1 |  1.1
Spellcasting   | 1 |  1.1
Evocations     | 1 |  1.1
Fighting       | |  6.6
Axes           | |  4.6
Armour         | |  6.6
Shields        | |  6.6
Conjurations   | |  0.8
Hexes          | |  0.8
Summonings     | |  0.8
Necromancy     | |  0.8
Translocations | |  0.8
Transmutations | |  0.8
Fire Magic     | |  0.8
Ice Magic      | |  0.8
Air Magic      | |  0.8
Earth Magic    | |  0.8
Poison Magic   | |  0.8

Action                   |  1- 3 |  4- 6 || total
-------------------------+-------+-------++-------
Melee: War axe           |    95 |    27 ||   122
       Bite              |     7 |     3 ||    10
Armor: Scale mail        |    62 |    16 ||    78
Dodge: Dodged            |    40 |    13 ||    53
Block: Buckler           |    34 |    13 ||    47
